 Dungeon Crawl Stone Soup version 0.28.0-53-g5a82cb258f (webtiles) character file.

Game seed: 17555834279622008548

9 DildoBatman the Conjurer (level 2, -1/20 HPs)
             Began as a Formicid Conjurer on July 15, 2022.
             Slain by a jackal (3 damage)
             ... on level 1 of the Dungeon.
             The game lasted 00:01:09 (210 turns).

DildoBatman the Conjurer (Formicid Conjurer)         Turns: 210, Time: 00:01:10

Health: -1/20      AC:  3    Str: 11    XL:     2   Next: 25%
Magic:  0/5        EV: 12    Int: 17    God:
Gold:   19         SH:  0    Dex:  9    Spells: 2/5 levels left

rFire   . . .      SeeInvis +   b - +0 dagger
rCold   . . .      Faith    .   (no shield)
rNeg    . . .      Spirit   .   a - +0 robe
rPois   .          Reflect  .   (helmet unavailable)
rElec   .          Harm     .   e - +0 cloak
rCorr   .          Rampage  .   (no gloves)
Will    .....                   (no boots)
Stlth   ++........              (no amulet)
HPRegen 0.06/turn               (no ring)
MPRegen 0.09/turn               (no ring)

@: very slightly contaminated
A: permanent stasis, dig shafts and tunnels, antennae 3, four strong arms
a: Dig, Shaft Self


You were on level 1 of the Dungeon.
You visited 1 branch of the dungeon, and saw 1 of its levels.

You collected 19 gold pieces.

Inventory:

Hand Weapons
 b - a +0 dagger (weapon)
Armour
 a - a +0 robe (worn)
 d - a +0 buckler
 e - a +0 cloak (worn)
Potions
 c - a potion of mutation {unknown}


   Skills:
 * Level 0.5 Fighting
 * Level 0.5 Armour
 - Level 2.0 Dodging
 - Level 2.4 Stealth
 * Level 0.3 Shields
 * Level 2.3 Spellcasting
 * Level 3.7 Conjurations


You had 2 spell levels left.
You knew the following spells:

 Your Spells              Type           Power      Damage    Failure   Level
a - Searing Ray           Conj           28%        2d5       6%          2
c - Magic Dart            Conj           56%        1d5       4%          1

Your spell library contained the following spells:

 Spells                   Type           Power      Damage    Failure   Level
 Dazzling Flash           Conj/Hex       16%        N/A       26%         3
 Fulminant Prism          Conj/Hex       4%         3d6       65%         4
 Iskenderun's Mystic Bla  Conj/Tloc      8%         2d4       65%         4


Dungeon Overview and Level Annotations

Branches:
Dungeon (1/15)

Altars:


Innate Abilities, Weirdness & Mutations

You cannot be hasted, slowed, berserked, paralysed or teleported.
You can dig through walls and to a lower floor.
You have a pair of large antennae on your head. (SInv)
Your four strong arms can wield two-handed weapons with a shield.


Message History

You closely miss the hobgoblin.
The hobgoblin is severely wounded.
The hobgoblin hits you.
Casting: Magic Dart (safe; 4% risk of failure)
Confirm with . or Enter, or press ? or * to list all spells.
Aiming: Searing Ray (safe; 6% risk of failure)
Press: ? - help, Shift-Dir - straight line, f/p - hobgoblin
Aim: a hobgoblin (severely wounded, 76% to hit)
The searing ray hits the hobgoblin.
You kill the hobgoblin!
The searing ray hits the jackal.
The jackal is severely wounded. (Press . to maintain the ray.) Training target 2.0 for Dodging reached!
Your Dodging skill increases to level 2!
You closely miss the jackal.
The jackal is severely wounded.
The jackal barely misses you.
You barely miss the jackal.
The jackal is heavily wounded.
The jackal barely misses you.
The jackal bites you but does no damage.
You hit the jackal but do no damage.
The jackal is heavily wounded.
The jackal bites you.
Casting: Searing Ray (safe; 6% risk of failure)
Confirm with . or Enter, or press ? or * to list all spells.
Aiming: Magic Dart (safe; 4% risk of failure)
Press: ? - help, Shift-Dir - straight line, f - jackal
Aim: a jackal (heavily wounded, 100% to hit)
You miscast Magic Dart.
You are very lightly contaminated with residual magic.
Nothing appears to happen.
The jackal completely misses you. The jackal closely misses you.
A jackal comes into view.
The jackal bites you.
The jackal moves out of view.
The jackal bites you.
You die...

#. #. #.# ..##.######.#
............##### #
#..##.#.{.....# {
#.##....†...####.#
......#.#..#.. #
####.#)#.#..#.# .
#.##........#.{#.##{.h≈
#.......#@###....{{.#
####...##h####.#.####
#...##..†...#{#
#...#########.# #...#
.. #####...######## ..
...........>...# .##
...............# .#
...............#


You could see a jackal.

Vanquished Creatures
  A giant cockroach (D:1)
  2 goblins (D:1)
  2 hobgoblins (D:1)
  A kobold (D:1)
  A ball python (D:1)
  A frilled lizard (D:1)
8 creatures vanquished.

Notes
Turn   | Place    | Note
-------+----------+-------------------------------------------
     0 | D:1      | DildoBatman the Formicid Conjurer began the quest for the
                  | Orb.
     0 | D:1      | Reached XP level 1. HP: 13/13 MP: 3/3
   114 | D:1      | Reached XP level 2. HP: 16/20 MP: 1/5
   117 | D:1      | Learned a level 2 spell: Searing Ray
   209 | D:1      | HP: 1/20 [jackal (3)]
   210 | D:1      | Slain by a jackal

Illustrated notes

Levels and vault maps discovered:
D:1:      tarquinn_simple_flora_water_b, layout_loops_cross,
          dreamdust_ecumenical_altar_drowned_temple

Skill      XL: |  1  2 |
---------------+-------+-----
Dodging        | 2 |  2.0
Fighting       | |  0.5
Armour         | |  0.5
Stealth        | |  2.4
Shields        | |  0.3
Spellcasting   | |  2.3
Conjurations   | |  3.7

Action                   || total
-------------------------++-------
Melee: Dagger            ||    19
       Unarmed           ||     5
 Cast: Magic Dart        ||    15
       Searing Ray       ||     1
Armor: Robe              ||     6
Dodge: Dodged            ||    13
